 Dungeon Crawl Stone Soup version 0.27.1-1-g398f81649c (webtiles) character file.

Game seed: 7937552438996065705

114 Naeght the Poker (level 4, 0/35 HPs)
             Began as a Merfolk Gladiator on Sept 9, 2021.
             Succumbed to a kobold brigand's curare-tipped dart
             ... in a sewer.
             The game lasted 00:05:09 (3181 turns).

Naeght the Poker (Merfolk Gladiator)                Turns: 3181, Time: 00:05:09

Health: 0/35       AC:  6    Str: 15    XL:     4   Next: 97%
Magic:  4/4        EV: 17    Int:  7    God:
Gold:   146        SH:  0    Dex: 15    Spells: 3/3 levels left

rFire    + . .     SeeInvis .   a - +0 trident
rCold    + . .     Faith    .   (no shield)
rNeg     . . .     Spirit   .   b - +0 leather armour
rPois    .         Reflect  .   c - +0 helmet
rElec    .         Harm     .   p - scarf {rC+ rF+}
rCorr    .         Rampage  .   q - +1 pair of gloves
Will     .....                  (boots currently unavailable)
Stlth    ++........             (no amulet)
HPRegen  0.11/turn              (no ring)
MPRegen  0.09/turn              (no ring)

@: lethally poisoned (0 -> -9), slowed, quick
A: nimble swimmer 2, mertail
a: no special abilities


You were in a sewer.
You visited 1 branch of the dungeon, and saw 4 of its levels.
You also visited: Sewer.

You collected 146 gold pieces.

Inventory:

Hand Weapons
 a - a +0 trident (weapon)
Missiles
 d - 3 throwing nets (quivered)
 i - 2 atropa-tipped darts
Armour
 b - a +0 leather armour (worn)
 c - a +0 helmet (worn)
 p - a scarf of resistance (worn)
 q - a +1 pair of gloves (worn)
Scrolls
 e - 3 scrolls of identify
 f - 2 scrolls of amnesia {unknown}
 h - a scroll of acquirement {unknown}
 l - 2 scrolls of noise {unknown}
 m - a scroll of enchant weapon
Potions
 g - a potion of flight {unknown}
 j - a potion of might {unknown}
 k - 2 potions of cancellation {unknown}
 n - 2 potions of degeneration {unknown}
 o - a potion of heal wounds {unknown}
 r - a potion of mutation {unknown}


   Skills:
 + Level 3.2 Fighting
 * Level 6.5 Polearms
 - Level 2.0 Throwing
 + Level 5.0 Dodging


You had 3 spell levels left.
You didn't know any spells.
Your spell library was empty.

Dungeon Overview and Level Annotations

Branches:
Dungeon (4/15)              Sewer (1/1)
 Temple: D:4-7

Altars:
Elyvilon
Trog

Shops:
D:1 ?((

Annotations:
D:3 2 transporters


Innate Abilities, Weirdness & Mutations

You are quick and stealthy near water. (Stealth+, EV+, Speed+++)
Your lower body shifts to a powerful aquatic tail in water.


Message History

The jackal splashes around in the water.
The kobold misses you.
You completely miss the jackal. The jackal completely misses you.
The kobold completely misses you. The jackal misses you.
You closely miss the jackal. The kobold hits you but does no damage.
The jackal splashes around in the water.
The kobold shouts!
You hit the jackal. You tail-slap the jackal.
You kill the jackal!
The kobold misses you.
Your Dodging skill increases to level 5!
You closely miss the kobold. The kobold hits you but does no damage.
You hit the kobold but do no damage. The kobold closely misses you.
You closely miss the kobold.
The kobold brigand shouts!
Your tail-slap misses the kobold.
The kobold brigand throws a curare-tipped dart.
The curare-tipped dart hits you.
You are poisoned.
You have difficulty breathing.
You feel yourself slow down. The kobold misses you.
You barely miss the kobold.
You feel sick. The kobold hits you but does no damage.
The kobold brigand throws a curare-tipped dart.
The curare-tipped dart barely misses you.
You barely miss the kobold.
You feel sick.
You are no longer poisoned.
The kobold closely misses you. The kobold barely misses you.
The kobold brigand throws a curare-tipped dart.
The curare-tipped dart hits you.
You are poisoned.
You have difficulty breathing.
* * * LOW HITPOINT WARNING * * *
You feel as though you will be slow longer.
* * * LOW HITPOINT WARNING * * *
You feel very sick.
* * * LOW HITPOINT WARNING * * *
You feel very sick.
You die...

#.≈≈≈≈≈≈# #.≈≈≈≈..#
#≈.≈≈≈.≈#############
#≈.K≈))≈≈≈≈≈≈≈≈≈≈≈≈≈≈
#.≈≈≈≈..#############
##.≈≈≈.## #.≈≈K.#
###.≈≈≈≈# #∩..≈@≈.#
###.≈≈≈.# #.≈≈≈.#
##≈≈≈## #≈≈≈# #≈≈≈#
#≈≈≈# #≈≈≈# ##≈≈#


You could see 2 kobolds.

Vanquished Creatures
  5 adders
  3 worms
  A dart slug (D:1)
  2 endoplasms
  5 giant cockroaches
  8 goblins
  5 hobgoblins
  2 jackals (Sewer)
  2 quokkas (D:1)
  3 ball pythons
  5 bats
  A frilled lizard (D:1)
  8 kobolds
  11 rats
61 creatures vanquished.

Vanquished Creatures (others)
  4 fungi (D:3)
4 creatures vanquished.

Grand Total: 65 creatures vanquished

Notes
Turn   | Place    | Note
-------+----------+-------------------------------------------
     0 | D:1      | Naeght the Merfolk Gladiator began the quest for the Orb.
     0 | D:1      | Reached XP level 1. HP: 16/16 MP: 1/1
   132 | D:1      | Found Onis Xiw's Weapon Shop.
   137 | D:1      | Reached XP level 2. HP: 20/23 MP: 2/2
   193 | D:1      | Found a faded altar of an unknown god.
   369 | D:1      | Reached skill level 5 in Polearms
   548 | D:1      | Found Noywereu's Magic Scroll Boutique.
   615 | D:1      | Reached XP level 3. HP: 25/28 MP: 3/3
   695 | D:1      | Found Caohats's Weapon Shop.
  1193 | D:2      | Reached XP level 4. HP: 20/35 MP: 4/4
  1199 | D:2      | Reached skill level 6 in Polearms
  1832 | D:3      | Found a white marble altar of Elyvilon.
  1832 | D:3      | Found a bloodstained altar of Trog.
  2015 | D:3      | Found a transporter.
  2460 | D:3      | Found a transporter.
  2681 | D:4      | Found a glowing drain.
  2716 | Sewer    | Entered a sewer
  2798 | Sewer    | Noticed a kobold brigand
  3173 | Sewer    | Reached skill level 5 in Dodging
  3181 | Sewer    | Succumbed to a kobold brigand's curare-tipped dart

Illustrated notes

Levels and vault maps discovered:
D:1:      sevenhm_arrival_forest_fort_small_6, layout_rooms, serial_shops,
          nicolae_shop_waterfront, nicolae_shop_temple_entry_statues_fountains,
          nicolae_square_shop, shapermc_ecumenical_altar_ellora,
          minmay_tromino_v4_c
D:2:      layout_rooms
D:3:      gammafunk_steamed_eel, layout_loops_ring,
          mainiacjoe_overflow_catch_the_wave
D:4:      layout_cave_pods, mainiacjoe_overflow_brackets,
          cheibrodos_sewer_entry_drain
Sewer:    sewer_kobolds

Skill      XL: |  1  2  3  4 |
---------------+-------------+-----
Polearms       | 5 6 |  6.5
Fighting       | 3 |  3.2
Dodging        | 5 |  5.0
Throwing       | |  2.0

Action                   |  1- 3 |  4- 6 || total
-------------------------+-------+-------++-------
Melee: Trident           |   114 |   110 ||   224
       Tailslap          |       |     2 ||     2
  Use: Scroll            |       |     3 ||     3
 Stab: Sleeping          |     1 |     5 ||     6
Armor: Leather armour    |    29 |    22 ||    51
Dodge: Dodged            |    87 |    53 ||   140
